cohdb
Replays
Latest Replays
All Replays
Popular Replays
Top Player Replays
Match Explorer
How It Works
Community
CoH3 Stats
Reddit
Sign in to upload your games and track your stats! →
Sign in with Steam
Match 46861392
Unlisted
Match 46861392
Overview
Messages
Build Orders
End
Pioneer Squad
Construct Infanterie Kompanie
MG 42 Machine Gun Team
Grenadier Squad
Grenadier Squad
Selects Mechanized Battlegroup
Selects Mobile Repair Stations
Grenadier Squad
Construct Luftwaffe Kompanie
Medical Station
221 Scout Car
Jäger Squad
Selects Raid Package
Jäger Squad
MG 42 Machine Gun Team
Support Elements
Wirbelwind Flakpanzer
Luftwaffe Officer Quarters
Boneless
Arwootarch
BazookaJoe
Opuds8
Reactive
Deadlych910
0
0
Comments
sign in to comment!
No comments posted yet!